 Dungeon Crawl Stone Soup version 0.30-a0-224-ge52a3cb02f (webtiles) character file.

Game seed: 14653112266102271957

201 qw the Chopper (level 5, 0/32 HPs)
             Began as a Gargoyle Fighter on Oct 9, 2022.
             Slain by an ogre
             ... wielding a +0 giant club
              (7 damage)
             ... on level 4 of the Dungeon.
             The game lasted 00:00:55 (2517 turns).

qw the Chopper (Gargoyle Fighter)                   Turns: 2517, Time: 00:00:56

Health: 0/32       AC: 19    Str: 22    XL:     5   Next: 79%
Magic:  5/5        EV:  6    Int:  8    God:
Gold:   80         SH:  4    Dex:  9    Spells: 4/4 levels left

rFire   . . .      SeeInvis .    Y - +1 war axe (freeze)
rCold   . . .      Faith    .    c - +0 buckler
rNeg    + . .      Spirit   .    s - +0 plate armour
rPois   inf        Reflect  .    j - +2 helmet
rElec   +          Harm     .    o - +0 cloak
rCorr   .          Rampage  .    (no gloves)
Will    .....                    (no boots)
Stlth   ..........               w - amulet of the acrobat
HPRegen 0.25/turn                (no ring)
MPRegen 0.09/turn                (no ring)

@: about to teleport
A: sickness immunity, AC +4, negative energy resistance 1, electricity
resistance, torment resistance 1, petrification resistance
a: no special abilities


You were on level 4 of the Dungeon.
You visited 1 branch of the dungeon, and saw 4 of its levels.

You collected 152 gold pieces.
You spent 72 gold pieces at shops.


Innate Abilities, Weirdness & Mutations

You are immune to sickness and miasma.
Your stone body is resilient. (AC +4)
You are immune to poison.
You resist negative energy. (rN+)
You are resistant to electric shocks. (rElec)
You are resistant to unholy torment.
You are immune to petrification.


   Skills:
 + Level 3.6 Fighting
 - Level 5.1 Axes
 - Level 3.2 Armour
 - Level 3.2 Shields


You had 4 spell levels left.
You didn't know any spells.
Your spell library was empty.

Inventory:

Hand Weapons
 k - a +0 flail
 Y - a +1 war axe of freezing (weapon)
Missiles
 m - a boomerang (quivered)
Armour
 c - a +0 buckler (worn)
 j - a +2 helmet (worn)
 o - a +0 cloak (worn)
 s - a +0 plate armour (worn)
Jewellery
 f - a ring of fire
 w - an amulet of the acrobat (around neck)
Potions
 d - 2 potions of might
 e - a potion of cancellation {unknown}
 g - 2 potions of curing
 i - a potion of heal wounds {unknown}
 l - a potion of attraction
 n - a potion of mutation {unknown}
 p - a potion of haste {unknown}
 q - a potion of brilliance {unknown}
 r - a potion of resistance {unknown}

Dungeon Overview and Level Annotations

Branches:
Dungeon (4/15)
 Temple: D:4-7

Altars:

Shops:
D:1 *


Message History

Your body is wracked with pain!
It was a scroll of torment.
You start resting.
HP restored.
Done exploring.
(D) Dungeon
Where to? (* - list waypoints, Enter - D:3, ? - help)
What level of the Dungeon? (default 1, ? - help)
There is a stone staircase leading down here.
You climb downwards.
The orc shouts! x2; The orc priest shouts!
The ogre shouts!
You hear a bark!
There is a stone staircase leading up here.
There are monsters nearby!
Existing waypoints: (1) D:2 (2) D:3 Assign waypoint to what number? (0-9, D - delete waypoint) Waypoint 1 re-assigned from D:2 to D:4.
Enter note: An orc and a hound come into view.
The orc shouts!
The hound barks!
The orc priest invokes the aid of Beogh against you.
Beogh smites you!
You barely miss the hound. You hit the orc but do no damage.
The hound barely misses you. You block the hound's attack.
The orc priest looks encouraged for a moment.
The orc hits you but does no damage.
You closely miss the hound. You slash the orc! You freeze the orc.
You kill the orc!
The hound bites you but does no damage. You block the hound's attack.
You hit the hound but do no damage. You barely miss the orc.
You closely miss the orc. The hound bites you but does no damage.
You block the orc's attack.
The orc priest calls down the wrath of Beogh upon you.
Beogh smites you! The hound bites you but does no damage.
The orc barely misses you. x2
2517 ||| READING scroll of teleportation.
As you read the scroll of teleportation, it crumbles to dust.
You feel strangely unstable. You block the hound's attack.
The hound bites you but does no damage. The ogre hits you with a +0 giant club!
You die...

......#.#
#.......#
#.......#
+.......# #
#.......
#.#......
#.......# #
###....O#.#####
......o@hg....#
#######oo.....#
.o.......
.........#
..........#
...........#
............#
.............#


You could see an ogre, a hound, an orc priest, 3 orcs and a hobgoblin.

Vanquished Creatures
  An ogre (D:3)
  3 gnolls (D:2)
  3 adders
  An ufetubus (D:2)
  A dart slug (D:1)
  2 orcs
  6 ball pythons
  7 bats
  4 endoplasms (D:1)
  4 giant cockroaches
  4 goblins
  2 hobgoblins
  5 jackals (D:1)
  3 quokkas
  A frilled lizard (D:3)
  3 kobolds
  5 rats
55 creatures vanquished.

Notes
Turn   | Place    | Note
-------+----------+-------------------------------------------
     0 | D:1      | qw the Gargoyle Fighter began the quest for the Orb.
     0 | D:1      | Reached XP level 1. HP: 14/14 MP: 1/1
     0 | D:1      | 0 ||| qw: Version: 0.2-a-17-g06abaee
     0 | D:1      | 0 ||| qw: Game counter: 2277
     0 | D:1      | 0 ||| qw: Always use a shield: true
     0 | D:1      | 0 ||| qw: God list: Okawaru
     0 | D:1      | 0 ||| qw: Allow faded altars: false
     0 | D:1      | 0 ||| qw: Do Orc after D:15 true
     0 | D:1      | 0 ||| qw: Do second Lair branch before Depths: true
     0 | D:1      | 0 ||| qw: Lair rune preference: random
     0 | D:1      | 0 ||| qw: Plans: Normal, Zot:1-4, God:TSO, Crypt, Tomb,
                  | Pan, Slime:5, Hells, Abyss, Orb
     0 | D:1      | 0 ||| PLANNING D:1-11
    32 | D:1      | Reached skill level 2 in Axes
    93 | D:1      | Reached XP level 2. HP: 19/19 MP: 2/2
   174 | D:1      | 174 ||| Stepping ~*~*~tactically~*~*~ (stealth).
   189 | D:1      | 189 ||| Stepping ~*~*~tactically~*~*~ (stealth).
   289 | D:1      | Reached skill level 3 in Axes
   324 | D:1      | Reached XP level 3. HP: 23/23 MP: 3/3
   324 | D:1      | 324 ||| DROPPING +0 club.
   690 | D:1      | Found Lezo's Assorted Antiques.
   699 | D:1      | 699 ||| SHOPLISTING cabochon ring (130 gold, have 81).
   699 | D:1      | 699 ||| BUYING fuming dark potion (23 gold).
   699 | D:1      | Bought a fuming dark potion for 23 gold pieces
   699 | D:1      | 699 ||| BUYING scroll labelled WULATOEMPO (26 gold).
   699 | D:1      | Bought a scroll labelled WULATOEMPO for 26 gold pieces
   699 | D:1      | 699 ||| BUYING smoky black potion (23 gold).
   699 | D:1      | Bought a smoky black potion for 23 gold pieces
   699 | D:1      | 699 ||| SHOPLISTING twisted ruby ring (130 gold, have 9).
   780 | D:1      | 780 ||| UPGRADING to +2 helmet.
   785 | D:1      | 785 ||| UPGRADING to +0 cloak.
   790 | D:1      | 790 ||| READING scroll labelled URIPPE URREJ.
   791 | D:1      | 791 ||| READING scroll labelled WIWEVU RAXT.
   792 | D:1      | 792 ||| READING scroll labelled WULATOEMPO.
   793 | D:1      | 793 ||| DRINKING 2 fuming dark potions.
   794 | D:1      | 794 ||| DRINKING 2 cyan potions.
   895 | D:1      | 895 ||| DRINKING 2 smoky black potions.
   896 | D:1      | 896 ||| DROPPING potion of ambrosia.
  1165 | D:2      | 1165 ||| Stepping ~*~*~tactically~*~*~ (stealth).
  1206 | D:2      | Reached XP level 4. HP: 28/28 MP: 4/4
  1353 | D:2      | Reached skill level 4 in Axes
  1519 | D:2      | 1519 ||| READING scroll labelled ODDINK BUUL.
  1520 | D:2      | 1520 ||| READING scroll labelled GACUXY OCKY.
  1523 | D:2      | 1523 ||| DRINKING 2 bubbling grey potions.
  1627 | D:2      | 1627 ||| DROPPING potion of berserk rage.
  1998 | D:3      | Noticed an ogre
  2006 | D:3      | Killed an ogre
  2007 | D:3      | Reached skill level 5 in Axes
  2007 | D:3      | Reached XP level 5. HP: 11/32 MP: 5/5
  2447 | D:3      | 2447 ||| UPGRADING to +0 plate armour.
  2457 | D:3      | 2457 ||| DROPPING +0 scale mail.
  2458 | D:3      | 2458 ||| UPGRADING to amulet of the acrobat.
  2463 | D:3      | 2463 ||| READING scroll labelled JEBA KOCSIMY.
  2464 | D:3      | 2464 ||| READING scroll labelled YCKECY TEN HUH.
  2465 | D:3      | 2465 ||| READING scroll labelled UNERONG QOOVOSM.
  2466 | D:3      | 2466 ||| READING scroll labelled CELYER CEVVUEW.
  2512 | D:4      | Noticed an ogre
  2516 | D:4      | HP: 7/32 [orc priest/divine providence (13)]
  2517 | D:4      | 2517 ||| READING scroll of teleportation.
  2517 | D:4      | Slain by an ogre

Levels and vault maps discovered:
D:1:      minmay_arrival_jagged, layout_loops_ring, serial_shops,
          shop_fountains, chequers_serial_rivers_small_3, minivault_5,
          minmay_misc_feat_plants
D:2:      layout_basic
D:3:      layout_basic
D:4:      layout_basic

Skill      XL: |  1  2  3  4 |
---------------+-------------+-----
Axes           | 2 3 5 |  5.1
Fighting       | |  3.6
Armour         | |  3.2
Shields        | |  3.2

Action                   |  1- 3 |  4- 6 || total
-------------------------+-------+-------++-------
Melee: War axe           |   117 |    53 ||   170
Throw: Boomerang         |    17 |    17 ||    34
  Use: Scroll            |     3 |     7 ||    10
       Potion            |     3 |     1 ||     4
Armor: Scale mail        |    69 |    18 ||    87
       Plate armour      |       |     5 ||     5
Dodge: Dodged            |    61 |    22 ||    83
Block: Buckler           |    25 |    12 ||    37

Table legend:
 A = Non-vault XP
 B = Vault XP
 C = Vault XP percentage of total XP
 D = Non-vault monster count
 E = Vault monster count
 F = Vault count percentage of total count
                 A         B        C        D         E       F
            +---------+---------+-------+---------+---------+-------
      Total |     288 |       0 |   0.0 |      55 |       0 |   0.0
            +---------+---------+-------+---------+---------+-------
        D:1 |      47 |       0 |   0.0 |      25 |       0 |   0.0
        D:2 |      80 |       0 |   0.0 |      15 |       0 |   0.0
        D:3 |     158 |       0 |   0.0 |      14 |       0 |   0.0
        D:4 |       3 |       0 |   0.0 |       1 |       0 |   0.0
            +---------+---------+-------+---------+---------+-------
